 Dungeon Crawl Stone Soup version 0.17-a0-1430-g49fde19 (webtiles) character file.

11115 Quirk the Covert (level 11, -10/68 HPs)
             Began as a Gargoyle Fighter on June 25, 2015.
             Was an Elder of Dithmenos.
             Mangled by a hill giant
             ... wielding a +0 giant club
              (21 damage)
             ... on level 10 of the Dungeon.
             The game lasted 00:50:58 (11915 turns).

Quirk the Covert (Gargoyle Fighter)                Turns: 11915, Time: 00:50:58

Health: -10/68     AC: 18    Str: 21    XL:     11   Next: 72%
Magic:  18/18      EV: 12    Int: 12    God:    Dithmenos [****..]
Gold:   619        SH: 11    Dex: 11    Spells: 4 memorised, 11 levels left

rFire  + . .     SeeInvis .     F - +0 dagger (venom)
rCold  + . .     Clarity  .     y - +3 leather armour of the Ditch-Digger {rF+ rC+ Int+3}
rNeg   + . .     SustAt   +     c - +0 shield
rPois  ∞         Gourm    .     n - +0 helmet
rElec  +         Spirit   .     D - +0 cloak
rCorr  .         Warding  .     G - +0 pair of gloves
rMut   .         Stasis   .     (no boots)
MR     .....                    (no amulet)
Stlth  +++++.....               (no ring)
                                B - ring of sustain attributes

@: wreathed by umbra, not resistant to hostile enchantments, quite stealthy
A: negative energy resistance 1, electricity resistance, unbreathing,
petrification resistance, rot immunity, AC +7
a: Shadow Step, Renounce Religion


You were on level 10 of the Dungeon.
You worshipped Dithmenos.
Dithmenos was greatly pleased with you.
You were not hungry.

You visited 2 branches of the dungeon, and saw 11 of its levels.
You also visited: Sewer.

You collected 619 gold pieces.

Inventory:

Hand weapons
 o - a +2 whip of electrocution
 F - a +0 dagger of venom (weapon)
 J - a cursed -1 mace
Missiles
 I - 4 tomahawks (quivered)
Armour
 c - a +0 shield (worn)
 n - a +0 helmet (worn)
 y - the +3 leather armour of the Ditch-Digger (worn) {rF+ rC+ Int+3}
   (You found it on level 4 of the Dungeon)

   It affects your intelligence (+3).
   It protects you from fire.
   It protects you from cold.
 D - a +0 cloak (worn)
 E - a +0 steam dragon armour
 G - a +0 pair of gloves (worn)
Jewellery
 B - a ring of sustain attributes (left hand)
Magical devices
 d - a wand of frost (9)
 f - a wand of slowing (25)
 q - a wand of confusion (31)
Scrolls
 a - a scroll of magic mapping
 h - 4 scrolls of teleportation
 l - a scroll of remove curse
 A - 4 scrolls of identify
 H - a scroll of recharging
Potions
 b - 2 potions of brilliance
 g - 3 potions of curing
 j - a potion of lignification {unknown}
 k - a potion of might
 m - 2 potions of haste {unknown}
 r - 2 potions of cure mutation {unknown}
 s - 3 potions of magic {unknown}
 v - a potion of cancellation {unknown}
 w - 3 potions of invisibility {unknown}
 x - 2 potions of resistance {unknown}
 K - a potion of agility {unknown}
Books
 C - a book of Maledictions

   Spells                             Type                      Level
   a - Corona                         Hexes                        1
   b - Ensorcelled Hibernation        Hexes/Ice                    2
   c - Confuse                        Hexes                        3
   d - Tukima's Dance                 Hexes                        3
   e - Dazzling Spray                 Conjuration/Hexes            3
Comestibles
 e - 9 bread rations
 i - 3 meat rations
 p - a slice of pizza
 t - 3 beef jerkies
 u - 13 fruits
 z - 3 chunks of flesh


   Skills:
 + Level 8.2 Fighting
 + Level 3.2 Short Blades
 - Level 4.1 Maces & Flails
 + Level 7.9 Armour
 + Level 5.2 Dodging
 + Level 8.2 Stealth
 + Level 7.4 Shields
 + Level 5.1 Spellcasting
 + Level 5.5 Conjurations
 + Level 4.8 Hexes


You had 11 spell levels left.
You knew the following spells:

 Your Spells              Type           Power        Failure   Level  Hunger
a - Confuse               Hex            ##......     24%         3    ###....
b - Corona                Hex            ##.....      10%         1    None
c - Ensorcelled Hibernat  Hex/Ice        #.....       34%         2    ##.....
d - Dazzling Spray        Conj/Hex       ###.....     24%         3    ###....


Dungeon Overview and Level Annotations

Branches:
Dungeon (10/15)            Temple (1/1) D:4            Lair (0/8) D:10
    Orc: D:9-12

Altars:
Ashenzari
Cheibriados
Dithmenos
Elyvilon
Fedhas
Gozag
Kikubaaqudgha
Makhleb
Nemelex Xobeh
Okawaru
Qazlal
Ru
Sif Muna
Trog
Vehumet
Xom
Yredelemnul
Zin
The Shining One

Shops:
D:6 [


Innate Abilities, Weirdness & Mutations

You are resistant to torment.
Your stone body is resilient (AC +7).
You are immune to poison.
You resist negative energy.
You are resistant to electric shocks.
You can survive without breathing.
You are immune to petrification.
You are immune to rotting.


Message History

* * * LOW HITPOINT WARNING * * *
You hit the hill giant but do no damage.
The hill giant is moderately wounded.
The hill giant closely misses you.
You hit the hill giant.
The hill giant is heavily wounded.
You hit the hill giant.
The hill giant is heavily wounded.
You block the hill giant's attack.
You hit the hill giant but do no damage.
The hill giant is heavily wounded.
Your shadow hits the hill giant but does no damage.
The hill giant closely misses you.
You hit the hill giant but do no damage.
The hill giant is severely wounded.
Your shadow hits the hill giant but does no damage.
You hit the hill giant but do no damage.
The hill giant is severely wounded.
The hill giant hits you with a giant club!!
You die...

#.####.#..#
#.# #.#
#.#..######.#
#.#
#.#..........
#<#
#.#.######..#
#.#
#...........#
#.#
###....(†...#
#.#
#######.#.#
#.# #.#.# #@#
#.#.# #C#
..... #.#
#.... #..
###.. ### ###


You could see a hill giant.

Vanquished Creatures
  The ghost of Bane the Shield-Bearer, an experienced DDFi (D:5)
  Maurice (D:7)
  Joseph (D:7)
  A troll (D:9)
  A two-headed ogre (D:8)
  2 blink frogs (D:10)
  The ghost of trantor the Sneak, an average HEEn of Sif Muna (Sewer)
  A deep elf mage (D:9)
  A spriggan (D:8)
  9 yaks
  A wyvern (D:8)
  2 hippogriffs
  A steam dragon (D:8)
  2 hungry ghosts
  Duvessa (D:6)
  The ghost of Mulkerokala the Firebug, an average VSFE (D:3)
  4 ice beasts
  3 phantoms
  4 sky beasts
  An eye of draining (D:8)
  2 black bears
  3 orc warriors
  5 centaurs
  6 ogres
  A crocodile (D:8)
  The ghost of jyrma the Conjurer, an average DECj (D:4)
  3 big kobolds (Sewer)
  7 giant frogs
  15 killer bees
  Dowan (D:6)
  5 scorpions
  11 wights
  2 electric eels (D:8)
  4 crimson imps
  3 hounds
  A centaur zombie (D:8)
  A giant frog zombie (D:10)
  2 orc priests
  6 jellies
  9 orc wizards
  9 worker ants
  2 centaur skeletons
  A hell rat (D:10)
  3 iguanas
  3 hound zombies
  3 hound skeletons
  2 worker ant zombies (D:10)
  Robin (D:3)
  4 gnolls (D:9)
  15 adders
  9 river rats
  4 shadow imps
  4 oozes
  An adder zombie (D:9)
  An adder skeleton (D:4)
  4 worms
  6 giant geckos
  25 orcs
  4 ball pythons
  20 bats
  4 bat skeletons
  6 giant cockroaches
  8 hobgoblins
  5 jackals
  27 kobolds
  3 quokkas
  8 giant newts
  18 goblins
  2 jackal skeletons (D:4)
  12 rats
341 creatures vanquished.

Vanquished Creatures (others)
  An orc wizard (D:8)
  A plant (D:8)
2 creatures vanquished.

Grand Total: 343 creatures vanquished

Notes
Turn   | Place    | Note
--------------------------------------------------------------
     0 | D:1      | Quirk the Gargoyle Fighter began the quest for the Orb.
     0 | D:1      | Reached XP level 1. HP: 14/14 MP: 1/1
    81 | D:1      | Reached XP level 2. HP: 19/19 MP: 2/2
   179 | D:1      | Reached skill level 1 in Stealth
   520 | D:1      | You fall through a shaft!
   599 | D:2      | Reached XP level 3. HP: 20/23 MP: 3/3
   973 | D:3      | Reached XP level 4. HP: 29/29 MP: 4/4
  1011 | D:3      | Reached skill level 1 in Dodging
  1070 | D:3      | Noticed Mulkerokala's ghost (average VSFE)
  1337 | D:3      | Killed Mulkerokala's ghost
  1337 | D:3      | Reached skill level 4 in Fighting
  1337 | D:3      | Reached XP level 5. HP: 28/33 MP: 5/5
  1377 | D:3      | Found a glowing drain.
  1392 | Sewer    | Entered a sewer
  1392 | Sewer    | Noticed trantor's ghost (average HEEn)
  1432 | Sewer    | Killed trantor's ghost
  1432 | Sewer    | Reached XP level 6. HP: 19/39 MP: 6/6
  1634 | Sewer    | Reached XP level 7. HP: 44/44 MP: 7/7
  2093 | Sewer    | Reached skill level 5 in Fighting
  2093 | Sewer    | Reached skill level 1 in Spellcasting
  2697 | D:3      | Noticed Robin
  2720 | D:3      | Killed Robin
  2907 | D:4      | Noticed jyrma's ghost (average DECj)
  2922 | D:4      | Killed jyrma's ghost
  2922 | D:4      | Reached skill level 5 in Shields
  3046 | D:4      | Learned a level 3 spell: Confuse
  3048 | D:4      | Learned a level 1 spell: Corona
  3051 | D:4      | Learned a level 2 spell: Ensorcelled Hibernation
  3055 | D:4      | Learned a level 3 spell: Dazzling Spray
  3091 | D:4      | Reached XP level 8. HP: 40/49 MP: 10/10
  3154 | D:4      | Found a staircase to the Ecumenical Temple.
  3182 | D:4      | Reached skill level 1 in Conjurations
  3288 | Temple   | Entered the Ecumenical Temple
  3400 | Temple   | Became a worshipper of Dithmenos the Shadowed
  3593 | D:4      | Got a heavily runed leather armour
  3604 | D:4      | Identified the +3 leather armour of the Ditch-Digger {rF+ rC+ Int+3} (You found it on level 4 of the Dungeon)
  3646 | D:4      | Reached skill level 1 in Hexes
  3853 | D:5      | Entered Level 5 of the Dungeon
  3889 | D:5      | Reached skill level 5 in Armour
  4037 | D:5      | Reached skill level 1 in Short Blades
  4233 | D:5      | Reached XP level 9. HP: 43/55 MP: 12/12
  4239 | D:5      | Noticed Bane's ghost (experienced DDFi)
  4508 | D:5      | Killed Bane's ghost
  4508 | D:5      | Reached skill level 5 in Stealth
  5009 | D:6      | Found a shadowy altar of Dithmenos.
  5056 | D:6      | Noticed Duvessa
  5056 | D:6      | Noticed Dowan
  5074 | D:6      | Killed Dowan
  5086 | D:6      | Killed Duvessa
  5086 | D:6      | Reached skill level 6 in Fighting
  5838 | D:6      | Found Oniz's Armour Shoppe.
  6480 | D:7      | Acquired Dithmenos's first power
  6651 | D:7      | Reached XP level 10. HP: 55/61 MP: 15/15
  6788 | D:7      | Noticed Joseph
  6800 | D:7      | Killed Joseph
  7037 | D:7      | Reached skill level 7 in Fighting
  7352 | D:7      | Found a white marble altar of Elyvilon.
  7870 | D:8      | Noticed Maurice
  7914 | D:7      | Killed Maurice
  8561 | D:8      | Reached skill level 5 in Conjurations
  8578 | D:8      | Acquired Dithmenos's second power
  8657 | D:8      | Reached XP level 11. HP: 61/67 MP: 17/17
  9380 | D:9      | Found a shattered altar of Ashenzari.
 10449 | D:9      | Reached skill level 5 in Dodging
 10540 | D:10     | Entered Level 10 of the Dungeon
 10564 | D:9      | Acquired Dithmenos's third power
 10804 | D:10     | Found a staircase to the Lair.
 10829 | D:10     | Noticed a hill giant
 10851 | D:10     | Reached skill level 8 in Stealth
 11269 | D:10     | Reached skill level 5 in Spellcasting
 11888 | D:10     | Noticed a hill giant
 11915 | D:10     | Mangled by a hill giant

Vault maps used:
D:1:      dpeg_arrival_rooms_a
D:3:      first_bread, portal_sewer_entry_a, minmay_misc_feat_hallway,
          minmay_misc_feat_cross, minmay_misc_feat_columns, uniq_robin
D:4:      minmay_temple_entry_glass, serial_corexii_hall,
          corexii_hall_statues_deadend, corexii_hall_statues_deadend,
          minmay_splitting_lines
D:6:      lemuel_upstairs_altar, serial_shops, nicolae_shop_crystal,
          nicolae_dithmenos_the_darkroom, uniq_duvessa
D:7:      kennysheep_mini, uniq_joseph
D:8:      the_bakery, st_stairs_3, serial_bayou_ford_a, hex_intersection,
          uniq_maurice
D:9:      serial_column_ruins, column_ruins_square_medium,
          column_ruins_square_small, column_ruins_open_medium,
          column_ruins_open_tiny, column_ruins_columns_dead_end,
          column_ruins_open_medium, column_ruins_corridor_straight,
          cheibrodos_ashenzari_chains
D:10:     dpeg_lair_monsters
Temple:   grunt_circular_temple_18
Sewer:    sewer_co_tree

Action                   |  1- 3 |  4- 6 |  7- 9 | 10-12 || total
-------------------------+-------+-------+-------+-------++-------
Melee: Flail             |   119 |   104 |       |       ||   223
       Whip              |       |    26 |   689 |   341 ||  1056
       Dagger            |       |       |       |  1070 ||  1070
 Cast: Confuse           |       |       |       |     2 ||     2
Evoke: Wand              |       |       |     1 |     4 ||     5
  Use: Potion            |       |     1 |     2 |       ||     3
       Scroll            |       |       |    11 |     5 ||    16
 Stab: Sleeping          |       |       |     7 |    20 ||    27
       Distracted        |       |       |       |     1 ||     1
       Confused          |       |       |       |     1 ||     1
  Eat: Chunk             |       |     3 |    18 |    18 ||    39
       Royal jelly       |       |       |       |     1 ||     1
